 Dungeon Crawl Stone Soup version 0.23.1 (webtiles) character file.

Game seed: 13337369986135657721

327 PentaManta the Slinger (level 6, -8/37 HPs)
             Began as a Halfling Arcane Marksman on Mar 12, 2019.
             Killed from afar by an orc wizard (11 damage)
             ... with a magic dart
             ... on level 4 of the Dungeon.
             The game lasted 00:09:54 (3512 turns).

PentaManta the Slinger (Halfling Arcane Marksman)   Turns: 3512, Time: 00:09:55

Health: -8/37      AC:  6    Str: 13    XL:     6   Next: 79%
Magic:  7/7        EV: 13    Int: 11    God:
Gold:   213        SH:  0    Dex: 15    Spells: 6/7 levels left

rFire    . . .     SeeInvis .   a - +1 hunting sling
rCold    . . .     Gourm    .   (shield restricted)
rNeg     + . .     Faith    .   p - +0 ring mail (curse)
rPois    .         Spirit   .   v - +0 helmet of Nuaklyak {rN+ MR+} (curse)
rElec    .         Reflect  .   (no cloak)
rCorr    .         Harm     .   (no gloves)
MR       +....                  (no boots)
Stlth    +.........             t - amulet of inaccuracy (curse)
HPRegen  0.12/turn              (no ring)
MPRegen  0.10/turn              (no ring)

@: no status effects
A: small, mutation resistance 1
a: no special abilities


You were on level 4 of the Dungeon.
You were not hungry.

You visited 1 branch of the dungeon, and saw 4 of its levels.

You collected 213 gold pieces.

Inventory:

Hand Weapons
 a - a +1 hunting sling (weapon)
 w - a +1 dagger of venom
Missiles
 d - 13 sling bullets (quivered)
 g - 101 stones
Armour
 e - a +1 robe
 p - a cursed +0 ring mail (worn)
 v - the cursed +0 helmet of Nuaklyak (worn) {rN+ MR+}
   (You took it off Robin on level 3 of the Dungeon)

   It protects you from negative energy.
   It affects your resistance to hostile enchantments.
   It has a curse placed upon it.
Jewellery
 t - a cursed amulet of inaccuracy (around neck)
Wands
 u - a wand of iceblast (6)
Scrolls
 c - a scroll of remove curse {unknown}
 h - a scroll of fog
 i - a scroll of amnesia
 l - a scroll of enchant weapon
Potions
 b - 2 potions of curing
 j - a potion of heal wounds {unknown}
 n - a potion of lignification {unknown}
 q - a potion of agility {unknown}
 r - 2 potions of resistance
 s - a potion of brilliance {unknown}
Comestibles
 f - 7 rations


   Skills:
 - Level 0.8 Fighting
 * Level 9.6 Slings
 - Level 2.1 Dodging
 - Level 1.0 Spellcasting
 - Level 2.4 Hexes


You had 6 spell levels left.
You knew the following spells:

 Your Spells              Type           Power        Failure   Level  Hunger
a - Corona                Hex            #......      26%         1    ##.....

Your spell library contained the following spells:

 Spells                   Type           Power        Failure   Level  Hunger
 Slow                     Hex            #.......     38%         2    ###....
 Inner Flame              Hex/Fire       #.......     78%         3    ####...
 Portal Projectile        Hex/Tloc       #.....       78%         3    ####...
 Cause Fear               Hex            #.........   95%         4    #####..
 Leda's Liquefaction      Hex/Erth       #.........   99%         4    #####..


Dungeon Overview and Level Annotations

Branches:
Dungeon (4/15)
 Temple: D:4-7

Altars:


Innate Abilities, Weirdness & Mutations

You are small and have problems with some larger weapons.
You are somewhat resistant to further mutation.


Message History

Firing (i - inventory. (/) - cycle)
d - 15 sling bullets (quivered)
Press: ? - help, Shift-Dir - straight line, f/p - orc wizard
Aim: an orc wizard, wielding a +0 dagger and wearing a +0 robe (fast)
You shoot a sling bullet. The orc shouts!
The sling bullet hits the orc wizard.
The orc wizard is lightly wounded.
You hear a shout!
An orc priest comes into view. It is wielding a +0 hand axe.
Firing (i - inventory. (/) - cycle)
d - 14 sling bullets (quivered)
Press: ? - help, Shift-Dir - straight line, f/p - orc wizard
Aim: an orc wizard, wielding a +0 dagger and wearing a +0 robe (lightly wounded, fast)
You shoot a sling bullet. The sling bullet misses the orc wizard.
The orc priest shouts!
The orc wizard gestures at you while chanting.
The magic dart hits you.
* * * LOW HITPOINT WARNING * * *
The orc wizard points at you and mumbles some strange words.
The magic dart hits you!
You die...

#.# #.# #.# #.#
#.# #.# .#
#.#### #.# o.
#....# #.# #.
####.# ###.# (.
#.# #...#
(.###(#########
#.# #.###
#(.(..(..o.@..#
#.# #.#
#####.#######.#
#.# #.# # #.#
#.# #.# #.# #.#
#.# #.# #.# #.#
#.# #.# #.#
#.####.####.#
#...........#
######.######


You could see an orc wizard.

Vanquished Creatures
  A hound (D:4)
  A centaur skeleton (D:4)
  Terence (D:3)
  3 iguanas (D:4)
  Robin (D:3)
  5 adders
  An ooze (D:2)
  A worm (D:2)
  2 dart slugs (D:1)
  2 leopard geckos
  10 orcs (D:3)
  3 ball pythons
  6 bats
  8 giant cockroaches
  14 goblins
  12 hobgoblins
  2 jackals (D:3)
  9 kobolds
  4 frilled lizards
  3 rats
89 creatures vanquished.

Notes
Turn   | Place    | Note
-------+----------+-------------------------------------------
     0 | D:1      | PentaManta the Halfling Arcane Marksman began the quest for
                  | the Orb.
     0 | D:1      | Reached XP level 1. HP: 12/12 MP: 2/2
   106 | D:1      | Reached skill level 4 in Slings
   106 | D:1      | Reached XP level 2. HP: 3/18 MP: 3/3
   617 | D:1      | Reached XP level 3. HP: 20/22 MP: 4/4
   631 | D:1      | Reached skill level 5 in Slings
  1157 | D:2      | Reached XP level 4. HP: 26/27 MP: 5/5
  1297 | D:2      | Reached skill level 6 in Slings
  1769 | D:3      | Identified the cursed +0 helmet of Nuaklyak {rN+ MR+}
  1769 | D:3      | Noticed Robin
  1982 | D:3      | Reached XP level 5. HP: 22/32 MP: 6/6
  1985 | D:3      | Reached skill level 7 in Slings
  2226 | D:3      | Noticed Terence
  2238 | D:3      | Killed Terence
  2404 | D:3      | Reached skill level 8 in Slings
  2505 | D:3      | Killed Robin
  2897 | D:3      | Reached XP level 6. HP: 37/37 MP: 7/7
  3210 | D:4      | Reached skill level 9 in Slings
  3512 | D:4      | Killed from afar by an orc wizard

Skill      XL: |  1  2  3  4  5  6 |
---------------+-------------------+-----
Slings         | 4 5 6 8 9 |  9.6
Fighting       | |  0.8
Dodging        | |  2.1
Spellcasting   | |  1.0
Hexes          | |  2.4

Action                   |  1- 3 |  4- 6 || total
-------------------------+-------+-------++-------
 Fire: Hunting sling     |    93 |   309 ||   402
 Cast: Corona            |       |     1 ||     1
  Use: Potion            |       |     1 ||     1
       Scroll            |       |     8 ||     8
  Eat: Chunk             |       |     7 ||     7
Armor: Robe              |     8 |    11 ||    19
       Ring mail         |       |    11 ||    11
Dodge: Dodged            |    28 |    80 ||   108
